 Dungeon Crawl Stone Soup version 0.19.0-11-g3fc08b3 (webtiles) character file.

578 Pihi the Slicer (level 7, -12/44 HPs)
             Began as a Halfling Gladiator on Nov 8, 2016.
             Was a Believer of Cheibriados.
             Killed by divine providence
             ... invoked by an orc priest
              (13 damage)
             ... on level 4 of the Dungeon.
             The game lasted 00:11:18 (3749 turns).

Pihi the Slicer (Halfling Gladiator)                Turns: 3749, Time: 00:11:18

Health: -12/44     AC: 11    Str: 19 (20) XL:     7   Next: 62%
Magic:  7/7        EV: 15    Int: 10      God:    Cheibriados [**....]
Gold:   150        SH:  0    Dex: 21      Spells: 0 memorised, 6 levels left

rFire  . . .     SeeInvis .     a - +0 rapier
rCold  + . .     Gourm    .     k - +3 scale mail {rC+}
rNeg   . . .     Faith    .     (shield restricted)
rPois  .         Spirit   .     c - +0 helmet
rElec  .         Reflect  .     (no cloak)
rCorr  .         Harm     .     p - +0 pair of gloves
MR     .....                    (no boots)
Stlth  ..........               (no amulet)
                                (no ring)
                                (no ring)

@: very slow
A: mutation resistance 1
a: Bend Time, Renounce Religion


You were on level 4 of the Dungeon.
You worshipped Cheibriados.
Cheibriados was pleased with you.
You were not hungry.

You visited 1 branch of the dungeon, and saw 4 of its levels.

You collected 150 gold pieces.

Inventory:

Hand Weapons
 a - a +0 rapier (weapon)
 n - a +0 hunting sling
Missiles
 d - 6 throwing nets (quivered)
 g - 50 sling bullets
 h - 306 stones
Armour
 b - a +0 leather armour
 c - a +0 helmet (worn)
 e - a +0 buckler
 k - a +3 scale mail of cold resistance (worn)
 p - a +0 pair of gloves (worn)
Scrolls
 j - a scroll of recharging
 l - a scroll of fog
 m - 2 scrolls of teleportation
 o - a scroll of amnesia {unknown}
 q - a scroll of identify
 r - a scroll of remove curse {unknown}
 s - a scroll of noise {unknown}
Comestibles
 f - a bread ration
 i - 2 meat rations
 u - a beef jerky


   Skills:
 - Level 1.7 Fighting
 * Level 9.2 Short Blades
 - Level 2.0 Throwing
 + Level 2.1 Armour
 + Level 3.9 Dodging


You had 6 spell levels left.
You didn't know any spells.

Dungeon Overview and Level Annotations

Branches:
Dungeon (4/15)
 Temple: D:4-7

Altars:
Cheibriados
Makhleb
Nemelex Xobeh
Ru
Uskayaw


Innate Abilities, Weirdness & Mutations

You are small and have problems with some larger weapons.
You are somewhat resistant to further mutation.


Message History

You hit the adder skeleton but do no damage.
The adder skeleton is heavily damaged.
The orc wizard hits you but does no damage.
The orc wizard mumbles some strange words.
The orc wizard blinks!
The adder skeleton closely misses you.
Okay, then.
You closely miss the orc wizard.
The orc wizard gestures at you while chanting.
The magic dart hits you!
* * * LOW HITPOINT WARNING * * *
You hit the orc wizard but do no damage.
The adder skeleton bites you.
* * * LOW HITPOINT WARNING * * *
The orc wizard hits you but does no damage.
You hit the adder skeleton.
The adder skeleton is severely damaged.
The orc wizard misses you.
The orc priest mumbles some strange prayers to Beogh against you.
Beogh smites you!
You die...

.. ##........#
#......####
...#####......#
.........##.#.##
............#...
<........##.#.###
...#####.##.#.#
.. #.....o### .
####..@Zo#
#####.# ####.####
#...Z...#
#.##.##.# .o ...#
.. ......... ##
...o...## .......


You could see an orc priest, an orc wizard and an adder skeleton.

Vanquished Creatures
  Purgy (D:3)
  A crimson imp (D:4)
  4 orc priests
  4 orc wizards
  Terence (D:2)
  Natasha (D:2)
  Robin (D:3)
  2 adders (D:3)
  3 gnolls (D:3)
  An ooze (D:4)
  A worm (D:2)
  2 dart slugs
  2 leopard geckos
  15 orcs
  4 bats
  2 giant cockroaches (D:3)
  14 goblins
  11 hobgoblins
  9 kobolds
  3 quokkas
  8 frilled lizards
  2 rats (D:3)
92 creatures vanquished.

Notes
Turn   | Place    | Note
-------+----------+-------------------------------------------
     0 | D:1      | Pihi the Halfling Gladiator began the quest for the Orb.
     0 | D:1      | Reached XP level 1. HP: 14/14 MP: 1/1
   227 | D:1      | Reached skill level 4 in Short Blades
   247 | D:1      | Reached XP level 2. HP: 12/19 MP: 2/2
   837 | D:1      | Reached XP level 3. HP: 16/24 MP: 3/3
   892 | D:2      | Reached skill level 5 in Short Blades
   907 | D:2      | Found a faded altar of an unknown god.
   933 | D:2      | Noticed Natasha
  1151 | D:2      | Noticed Terence
  1186 | D:2      | Killed Terence
  1186 | D:2      | Reached XP level 4. HP: 12/29 MP: 4/4
  1433 | D:2      | Killed Natasha
  1433 | D:2      | Reached skill level 6 in Short Blades
  1606 | D:2      | Found a sparkling altar of Nemelex Xobeh.
  1797 | D:3      | Found a snail-covered altar of Cheibriados.
  1799 | D:3      | Found a burning altar of Makhleb.
  1799 | D:3      | Found a sacrificial altar of Ru.
  1799 | D:3      | Found a hide-covered altar of Uskayaw.
  1845 | D:3      | Reached XP level 5. HP: 19/34 MP: 5/5
  1877 | D:3      | Became a worshipper of Cheibriados the Contemplative
  1905 | D:3      | Noticed Robin
  1928 | D:3      | Killed Robin
  1928 | D:3      | Reached skill level 7 in Short Blades
  2275 | D:3      | Reached * piety under Cheibriados
  2275 | D:3      | Reached XP level 6. HP: 39/39 MP: 6/6
  2528 | D:3      | Noticed Purgy
  2556 | D:3      | Killed Purgy
  2556 | D:3      | Reached skill level 8 in Short Blades
  2816 | D:3      | Reached XP level 7. HP: 31/44 MP: 7/7
  2835 | D:3      | Reached skill level 1 in Armour
  3425 | D:4      | Reached skill level 9 in Short Blades
  3475 | D:4      | Reached ** piety under Cheibriados
  3747 | D:4      | HP: 2/44 [orc wizard/magic dart (2)]
  3749 | D:4      | Killed from afar by an orc priest

Skill      XL: |  1  2  3  4  5  6  7 |
---------------+----------------------+-----
Short Blades   | 4 5 6 7 8 9 |  9.2
Armour         | 2 |  2.1
Fighting       | |  1.7
Throwing       | |  2.0
Dodging        | |  3.9

Action                   |  1- 3 |  4- 6 |  7- 9 || total
-------------------------+-------+-------+-------++-------
Melee: Rapier            |    85 |   228 |   121 ||   434
Invok: Bend Time         |       |     1 |       ||     1
  Use: Potion            |     1 |     3 |       ||     4
       Scroll            |       |     4 |     1 ||     5
  Eat: Chunk             |     1 |     5 |     1 ||     7
Armor: Leather armour    |     9 |       |       ||     9
       Scale mail        |       |    88 |    23 ||   111
Dodge: Dodged            |    59 |   132 |    55 ||   246
